 Dungeon Crawl Stone Soup version 0.23-a0-582-g1b4a0ca (webtiles) character file.

39 iamserjio the Skirmisher (level 3, 0/26 HPs)
             Began as an Octopode Chaos Knight on Dec 16, 2018.
             Was a Plaything of Xom.
             Slain by a worm (9 damage)
             ... on level 2 of the Dungeon.
             The game lasted 00:01:37 (1356 turns).

iamserjio the Skirmisher (Octopode Chaos Knight)    Turns: 1356, Time: 00:01:37

Health: 0/26       AC:  1    Str:  9    XL:     3   Next: 47%
Magic:  3/3        EV: 14    Int: 14    God:    Xom [.*....]
Gold:   24         SH:  0    Dex: 12    Spells: 2/2 levels left

rFire    . . .     SeeInvis .   a - +0 falchion (chaos)
rCold    . . .     Gourm    .   (no shield)
rNeg     . . .     Faith    .   (helmet restricted)
rPois    .         Spirit   .   (no amulet)
rElec    .         Reflect  .   e - ring of protection from magic
rCorr    .         Harm     .   (no ring)
MR       +....                  (no ring)
Stlth    +++.......             (no ring)
HPRegen  0.08/turn              (no ring)
MPRegen  0.08/turn              (no ring)
                                (no ring)
                                (no ring)

@: no status effects
A: almost no armour, stealthy swim, amphibious, 8 rings, constrict 8, camouflage
1, blurry vision 1, weak 1, gelatinous body 1
a: Renounce Religion


You were on level 2 of the Dungeon.
You worshipped Xom.
You were a plaything of Xom.
You were not hungry.

You visited 1 branch of the dungeon, and saw 2 of its levels.

You collected 24 gold pieces.

Inventory:

Hand Weapons
 a - a +0 falchion of chaos (weapon)
Missiles
 c - 5 steel tomahawks (quivered)
Jewellery
 e - a ring of protection from magic (left tentacle)
Scrolls
 d - 2 scrolls of random uselessness {unknown}
 f - a scroll of identify {unknown}
Potions
 h - a potion of haste {unknown}
 i - a potion of brilliance {unknown}
Comestibles
 b - a ration
 g - 4 chunks of flesh


   Skills:
 + Level 3.3 Fighting
 + Level 3.3 Long Blades
 * Level 3.3 Dodging


You had 2 spell levels left.
You didn't know any spells.
Your spell library was empty.

Dungeon Overview and Level Annotations

Branches:
Dungeon (2/15)

Altars:


Innate Abilities, Weirdness & Mutations

You cannot wear most types of armour.
You are very stealthy in the water. (Stealth+)
You are amphibious.
You can wear up to eight rings at the same time.
You can use your tentacles to constrict eight enemies at once.
Your skin changes colour to match your surroundings (Stealth+).
Your rubbery body absorbs attacks. (AC +1, EV +1)
Scrolls take you a little longer to read.
You are weak. (Str -2)


Message History

You hit the worm but do no damage.
The worm flickers and vanishes!
Deactivating autopickup; reactivate with Ctrl-A.
You squeeze something. You constrict something. Something bites you!
* * * LOW HITPOINT WARNING * * *
You are too injured to fight recklessly!
You are too injured to fight recklessly!
You release your grip on something.
You start resting.
Your butterfly disappears in a puff of smoke!
A worm appears from thin air!
Reactivating autopickup.
A worm is nearby!
The worm bites you.
You barely miss the worm. You grab the worm. You squeeze the worm.
You constrict the worm. "This place needs a little more atmosphere."
You hit the worm but do no damage.
The worm appears momentarily distorted!
You squeeze the worm. You constrict the worm. The worm bites you!
You die... "Huh?
Did I miss anything?"

#.#....b.... #...##.......
#.###....†.####.. #...b...####
#...#### ## #####b### #......
..# #.# ###....# #.#
########.#######≈##.#.####.#
#..............w≈.......##.####
#.#####..##.##.#@.≈.#.#÷......#
#.#####..##.##.#≈.....#..#.##.#
...............#≈..........##.#
#.#####..##.#..#≈..###.....##.#
#>#####..##.#...≈........#.##.#
#.............÷...#...........#
########.##.#.##.##.##.###.####
#.##.#.##>##.##.###.####
#......##.......#......##


You could see a worm.

Vanquished Creatures
  A worm (D:2)
  A dart slug (D:1)
  3 bats (D:1)
  A giant cockroach (D:1)
  A goblin (D:1)
  3 hobgoblins
  8 jackals (D:1)
  7 frilled lizards
  2 kobolds (D:1)
  7 rats
34 creatures vanquished.

Notes
Turn   | Place    | Note
-------+----------+-------------------------------------------
     0 | D:1      | iamserjio the Octopode Chaos Knight began the quest for the
                  | Orb.
     0 | D:1      | Reached XP level 1. HP: 16/16 MP: 1/1
    38 | D:1      | XOM: harmless Conj miscast
    38 | D:1      | XOM: smoke on damage
    48 | D:1      | Reached XP level 2. HP: 12/21 MP: 2/2
   540 | D:1      | XOM: 1-stop teleportation journey
   693 | D:1      | XOM is BORED!
   693 | D:1      | XOM: give mutations
   693 | D:1      | Gained mutation: Scrolls take you a little longer to read.
                  | [Xom's mischief]
   693 | D:1      | Gained mutation: You are weak. (Str -2) [Xom's mischief]
   865 | D:1      | Reached XP level 3. HP: 26/26 MP: 3/3
  1133 | D:1      | XOM: god gift: 5 steel tomahawks
  1168 | D:2      | XOM: butterfly on damage
  1299 | D:2      | XOM: butterfly on damage
  1355 | D:2      | XOM: cloud trail
  1356 | D:2      | Slain by a worm

Vault maps used:
D:1:      dpeg_arrival_boxes_within_box
D:2:      serial_rivers, chequers_serial_rivers_micro_e,
          chequers_serial_rivers_micro_c, chequers_serial_rivers_micro_a,
          chequers_serial_rivers_marsh, chequers_serial_rivers_micro_b,
          fedhas_altar_4, uniq_terence

Skill      XL: |  1  2 |
---------------+-------+-----
Dodging        | 3 |  3.3
Fighting       | |  3.3
Long Blades    | |  3.3

Action                   || total
-------------------------++-------
Melee: Falchion          ||    63
       Constrict         ||    20
       Tentacles         ||    17
 Stab: Sleeping          ||     3
  Eat: Chunk             ||     1
Armor: Skin              ||     7
Dodge: Dodged            ||    34
       Rpst.: Falchion   ||     9

Table legend:
 A = Non-vault XP
 B = Vault XP
 C = Vault XP percentage of total XP
 D = Non-vault monster count
 E = Vault monster count
 F = Vault count percentage of total count
                 A         B        C        D         E       F
            +---------+---------+-------+---------+---------+-------
      Total |      57 |       0 |   0.0 |      34 |       0 |   0.0
            +---------+---------+-------+---------+---------+-------
        D:1 |      43 |       0 |   0.0 |      26 |       0 |   0.0
        D:2 |      14 |       0 |   0.0 |       8 |       0 |   0.0
            +---------+---------+-------+---------+---------+-------
